AoeStats
← UPHARSIN

Arabia

510187120Analyzed
1v1 RM · 4d ago on Sep 29, 2026· 69m 9s· 2 players
Game mode
Random Map
Map size
Tiny (2 player)
Population
200
Speed
Normal
Resources
Standard
Victory
Conquest
Starting age
Dark Age
Ending age
Imperial Age
RankedLock teamsTeams togetherTeam positionsShared explorationLock speedFull tech treeHidden civsTurbo modeCheats
Victory
Defeat
🇨🇦 Bulgarians · Canada
1365
+15
🇦🇷 Chinese · Argentina
1333
-15
mauro.escalier
0:28 Loom
9:51 Feudal Age
10:43 Double-Bit Axe
13:11 Horse Collar
14:58 Padded Archer Armor
16:08 Fletching
20:25 Wheelbarrow
20:35 Gold Mining
24:10 Castle Age
25:18 Hand Cart
25:14 Bow Saw
25:03 Bodkin Arrow
24:29 Crossbowman
25:39 Leather Archer Armor
27:59 Bloodlines
27:50 Husbandry
30:09 Scale Barding Armor
34:52 Ballistics
39:39 Scale Mail Armor
39:09 Pikeman
41:27 Chain Mail Armor
42:33 Forging
48:20 Imperial Age
46:32 Arson
46:47 Squires
48:55 Iron Casting
50:03 Bracer
49:28 Arbalester
51:20 Plate Mail Armor
52:28 Ring Archer Armor
53:40 Halberdier
55:25 Blast Furnace
55:13 Chain Barding Armor
57:49 Thumb Ring
64:46 Chain Barding Armor
64:23 Capped Ram
UPHARSIN
6:12 Loom
6:17 Loom
8:54 Feudal Age
9:37 Double-Bit Axe
12:37 Horse Collar
20:27 Castle Age
18:46 Gold Mining
19:42 Bloodlines
19:51 Scale Barding Armor
19:56 Forging
21:55 Chain Barding Armor
35:29 Fletching
36:33 Bow Saw
41:19 Iron Casting
41:44 Bodkin Arrow
42:30 Stone Mining
46:28 Imperial Age
46:36 Cavalier
47:17 Husbandry
48:01 Plate Barding Armor
49:44 Gold Shaft Mining
50:27 Wheelbarrow
49:37 Town Watch
51:56 Blast Furnace
52:51 Stirrups
54:31 Bracer
58:38 Conscription
61:08 Scale Mail Armor
64:18 Bagains
64:33 Squires
64:19 Gambesons
64:19 Arson
66:27 Chain Mail Armor
Connection lost

Rejoining the realm…

Still unreachable

The connection could not be restored.

Session expired

The server has moved on; the page needs a fresh start.